 Dungeon Crawl Stone Soup version 0.28.0-45-g0d030f2227 (webtiles) character file.

Game seed: 13271432886431403184

9634 H0rd4k the Eclecticist (level 11, -19/57 HPs)
             Began as a Deep Elf Hedge Wizard on Apr 21, 2022.
             Was an Initiate of Gozag.
             Demolished by a red ugly thing (21 damage)
             ... on level 1 of the Lair of Beasts.
             The game lasted 00:29:24 (17132 turns).

H0rd4k the Eclecticist (Deep Elf Hedge Wizard)     Turns: 17132, Time: 00:29:24

Health: -19/57     AC: 11    Str: 11    XL:     11   Next: 25%
Magic:  0/32       EV: 11    Int: 30    God:    Gozag
Gold:   821        SH:  0    Dex: 14    Spells: 31/40 levels left

rFire   . . .      SeeInvis .   z - +7 broad axe of Wu Jian's Reproof {venom, Int+4}
rCold   . . .      Faith    .   (no shield)
rNeg    + . .      Spirit   +   e - +4 scale mail "Yrheif" {rN+ Str+4 Int+2}
rPois   +          Reflect  .   c - +0 hat
rElec   .          Harm     .   (no cloak)
rCorr   .          Rampage  .   (no gloves)
Will    +....                   (no boots)
Stlth   +.........              t - amulet of guardian spirit
HPRegen 0.19/turn               a - +4 ring of slaying
MPRegen 0.23/turn               l - ring of poison resistance

@: no status effects
A: no striking features
a: Renounce Religion, Potion Petition, Call Merchant, Bribe Branch


You were on level 1 of the Lair of Beasts.
You worshipped Gozag.
Gozag was pleased with you.
You visited 3 branches of the dungeon, and saw 13 of its levels.
You also visited: Volcano.

You collected 1671 gold pieces.
You spent 155 gold pieces at shops.
You paid 695 gold pieces to Gozag.

Inventory:

Hand Weapons
 x - a +2 dagger of holy wrath
 z - the +7 broad axe of Wu Jian's Reproof (weapon) {venom, Int+4}
   (You found it on level 8 of the Dungeon)

   It poisons the flesh of those it strikes.
   Int:       It affects your intelligence (+4).
Missiles
 B - 2 throwing nets
Armour
 c - a +0 hat (worn)
 e - the +4 scale mail "Yrheif" (worn) {rN+ Str+4 Int+2}
   (You found it on level 9 of the Dungeon)

   Str:       It affects your strength (+4).
   Int:       It affects your intelligence (+2).
   rN:        It protects you from negative energy.
 w - a +2 robe of willpower
Magical Staves
 p - a staff of earth
Jewellery
 a - a +4 ring of slaying (left hand)
 l - a ring of poison resistance (right hand)
 q - an amulet of the acrobat
 t - an amulet of guardian spirit (around neck)
Wands
 u - a wand of flame (27)
Scrolls
 g - 6 scrolls of teleportation
 j - 2 scrolls of amnesia
Potions
 d - a potion of might
 m - 5 potions of curing
 s - 2 potions of flight
 v - a potion of cancellation


   Skills:
 + Level 1.6 Fighting
 + Level 0.8 Short Blades
 + Level 1.1 Axes
 + Level 4.0 Armour
 + Level 6.3 Dodging
 + Level 2.8 Stealth
 + Level 15.4 Spellcasting
 + Level 9.7 Conjurations
 + Level 1.1 Summonings
 + Level 2.9 Translocations
 + Level 3.2 Fire Magic
 + Level 3.3 Air Magic
 + Level 2.9 Poison Magic
 + Level 1.1 Evocations


You had 31 spell levels left.
You knew the following spells:

 Your Spells              Type           Power      Damage    Failure   Level
a - Magic Dart            Conj           100%       1d8       1%          1
b - Blink                 Tloc           80%        N/A       4%          2
c - Conjure Flame         Conj/Fire      58%        6-21      2%          3
d - Mephitic Cloud        Conj/Pois/Air  53%        N/A       3%          3

Your spell library contained the following spells:

 Spells                   Type           Power      Damage    Failure   Level
 Dazzling Flash           Conj/Hex       100%       N/A       4%          3
 Slow                     Hex            92%        N/A       11%         1
 Call Imp                 Summ           29%        N/A       11%         2
 Tukima's Dance           Hex            23%        N/A       32%         3
 Anguish                  Hex/Necr       11%        N/A       71%         4
 Silence                  Hex/Air        16%        N/A       83%         5
 Agony                    Necr           23%        N/A       96%         5
 Enfeeble                 Hex            11%        N/A       100%        7


Dungeon Overview and Level Annotations

Branches:
Dungeon (11/15)            Temple (1/1) D:4            Lair (1/6) D:8
    Orc (0/2) D:9         Volcano (visited)

Altars:
Ashenzari
Cheibriados
Dithmenos
Elyvilon
Fedhas
Gozag
Kikubaaqudgha
Makhleb
Nemelex Xobeh
Okawaru
Qazlal
Trog
Uskayaw
Vehumet
Wu Jian
Xom
Yredelemnul
Zin
The Shining One

Shops:
D:8 *

Annotations:
D:2 exclusion: 2 downstairs
D:3 2 transporters, exclusion: downstairs, Peloso's ghost, weakling MiFi
D:4 exclusion: downstairs
D:7 exclusion: 2 downstairs
D:8 exclusion: downstairs
D:9 2 runed translucent doors, exclusions: 2 doors and 2 downstairs
Lair:1 2 transporters, exclusion: ice statue, Paatz's ghost, journeyman OpBe


Message History

The air gets thick with the scent of sulphur.
As you read the scroll of teleportation, it crumbles to dust.
You feel strangely unstable.
The hell knight hits you with a +1 flail of flaming!
The hell knight burns you.
The hell knight hits you with a +1 flail of flaming!!
The hell knight burns you.
In the distance, the volcano erupts with a roar.
The hell knight casts a spell at you. The bolt of fire misses you.
Your surroundings suddenly seem different.
A red ugly thing comes into view.
Found three items.
The red ugly thing gurgles horribly!
A sun demon comes into view.
The sun demon shouts!
The red ugly thing trunk-slaps you but does no damage.
The red ugly thing misses you.
Found 25 gold pieces.
Found a radiant altar of Vehumet.
The red ugly thing trunk-slaps you.
You are engulfed in flames!
* * * LOW HITPOINT WARNING * * *
The red ugly thing trunk-slaps you but does no damage.
There is a rocky tunnel leading out of this place here.
The red ugly thing trunk-slaps you but does no damage.
Welcome back to the Lair of Beasts!
Level annotation: 2 transporters, exclusion: ice statue, Paatz's ghost, journeyman OpBe The lindwurm breathes flames at you.
The blast of flame hits you!
* * * LOW HITPOINT WARNING * * *
There is a collapsed entrance here.
Casting: Conjure Flame (dangerous; 2% risk of failure)
Confirm with . or Enter, or press ? or * to list all spells.
You blink.
Okay, then.
You feel stable enough to blink again. The red ugly thing trunk-slaps you!
* * * LOW HITPOINT WARNING * * *
You are engulfed in flames!!
You die...
Your body crumbles into a pile of gold.

##.≈.###l.##....##.
##..≈.###..##..####.
#...§§.##......###..
##.≈§.###...>.⌠.##..
#.≈..# #..#...##...
#.≈≈.# #.......###.
#..≈.##...#....##..
#..≈.###.P###......
##@≈≈l##### .#.....
##u.≈D# ..#....
#...§.## . #....
##..≈D.# ..##..
#.≈≈k## ......
#.≈..# ...#. #.§.##
..... ##### .../.
####


You could see 2 eight-headed hydras, a red ugly thing, a lindwurm and a komodo
dragon.

Vanquished Creatures
  A two-headed ogre (D:6)
  2 cane toads (Lair:1)
  A komodo dragon (Lair:1)
  2 red devils (Volcano)
  Grinder (D:5)
  Sigmund (D:2)
  8 yaks
  6 fire bats (Volcano)
  3 steam dragons
  A wraith (D:8)
  2 wyverns
  A basilisk (Lair:1)
  Eustachio (D:5)
  Grum (D:8)
  Edmund (D:4)
  Menkaure (D:5)
  A hell hound (Volcano)
  3 water moccasins
  Duvessa (D:5)
  An ice beast (D:6)
  A black bear (D:5)
  2 sky beasts
  3 wolves (D:8)
  2 phantoms
  4 centaurs
  A kobold brigand (D:6)
  4 bullfrogs
  A gnoll sergeant (D:8)
  2 scorpions
  A wyvern skeleton (D:7)
  Dowan (D:5)
  10 killer bees
  A bullfrog zombie (D:6)
  7 crimson imps
  5 lava snakes (Volcano)
  A hound (D:6)
  2 centaur zombies (D:8)
  3 jellies
  An orc priest (D:6)
  A centaur skeleton (D:7)
  3 gnoll shamans
  3 iguanas
  2 orc wizards
  18 gnolls
  10 adders
  2 white imps
  An adder skeleton (D:4)
  A worm (D:3)
  4 dart slugs
  13 orcs
  8 bats
  7 endoplasms
  2 giant cockroaches
  13 goblins
  9 hobgoblins
  3 jackals (D:5)
  A quokka (D:1)
  6 ball pythons
  6 frilled lizards
  11 kobolds
  A quokka skeleton (D:4)
  4 rats
220 creatures vanquished.

Vanquished Creatures (others)
  A troll (D:8)
  A human (D:3)
  A killer bee (D:10)
  A white imp (D:8)
  An orc (D:8)
  A bush (Lair:1)
  8 fungi
  37 plants
51 creatures vanquished.

Grand Total: 271 creatures vanquished

Notes
Turn   | Place    | Note
-------+----------+-------------------------------------------
     0 | D:1      | H0rd4k the Deep Elf Hedge Wizard began the quest for the
                  | Orb.
     0 | D:1      | Reached XP level 1. HP: 10/10 MP: 7/7
   108 | D:1      | Reached skill level 5 in Spellcasting
   388 | D:1      | Reached XP level 2. HP: 15/15 MP: 2/10
  1069 | D:1      | Reached XP level 3. HP: 19/19 MP: 7/12
  1074 | D:1      | Learned a level 2 spell: Blink
  1078 | D:1      | Learned a level 3 spell: Conjure Flame
  1082 | D:1      | Learned a level 3 spell: Mephitic Cloud
  1371 | D:1      | Found a faded altar of an unknown god.
  1691 | D:2      | Reached skill level 6 in Spellcasting
  1969 | D:2      | Reached XP level 4. HP: 23/24 MP: 5/14
  2083 | D:2      | Noticed Sigmund
  2106 | D:2      | Killed Sigmund
  2107 | D:2      | Reached skill level 1 in Fire Magic
  2107 | D:2      | Reached skill level 1 in Air Magic
  2107 | D:2      | Reached skill level 1 in Poison Magic
  2107 | D:2      | Reached XP level 5. HP: 28/28 MP: 1/16
  2607 | D:3      | Reached skill level 7 in Spellcasting
  2611 | D:3      | Reached XP level 6. HP: 32/32 MP: 3/18
  3165 | D:3      | Found an ancient bone altar of Kikubaaqudgha.
  3166 | D:3      | Noticed a human
  3168 | D:3      | Killed a human
  3188 | D:3      | Found a transporter.
  3191 | D:3      | Noticed Peloso's ghost (weakling MiFi)
  3192 | D:3      | Found a transporter.
  3206 | D:3      | Found a glowing golden altar of the Shining One.
  3634 | D:4      | Found a staircase to the Ecumenical Temple.
  3642 | Temple   | Entered the Ecumenical Temple
  3734 | Temple   | Became a worshipper of Gozag Ym Sagoz the Greedy
  4361 | D:4      | Reached skill level 8 in Spellcasting
  4499 | D:4      | Reached XP level 7. HP: 33/36 MP: 2/20
  5002 | D:4      | Noticed Edmund
  5028 | D:4      | Killed Edmund
  5029 | D:4      | Reached skill level 9 in Spellcasting
  5353 | D:5      | Entered Level 5 of the Dungeon
  5396 | D:5      | Noticed Grinder
  5402 | D:5      | Noticed Eustachio
  5422 | D:5      | Killed Grinder
  5432 | D:5      | Killed Eustachio
  5433 | D:5      | Reached skill level 10 in Spellcasting
  5433 | D:5      | Reached skill level 5 in Conjurations
  5433 | D:5      | Reached XP level 8. HP: 35/42 MP: 1/24
  5465 | D:5      | Noticed Menkaure
  5664 | D:5      | Found a burning altar of Makhleb.
  5787 | D:5      | Noticed Dowan
  5815 | D:5      | Noticed Duvessa
  6031 | D:5      | Killed Menkaure
  6421 | D:5      | Found a blossoming altar of Fedhas.
  6531 | D:5      | Killed Dowan
  6537 | D:5      | Killed Duvessa
  6914 | D:6      | Reached skill level 11 in Spellcasting
  7404 | D:6      | Noticed a two-headed ogre
  7740 | D:6      | Killed a two-headed ogre
  7741 | D:6      | Reached skill level 12 in Spellcasting
  7741 | D:6      | Reached XP level 9. HP: 46/46 MP: 9/27
  9266 | D:7      | Reached skill level 13 in Spellcasting
 10238 | D:8      | Reached skill level 5 in Dodging
 10299 | D:8      | Killed a troll
 10686 | D:8      | Noticed Grum
 10706 | D:8      | Killed Grum
 10707 | D:8      | Reached skill level 1 in Fighting
 10707 | D:8      | Reached XP level 10. HP: 52/52 MP: 11/29
 10898 | D:8      | Identified the +7 broad axe of Wu Jian's Reproof {venom,
                  | Int+4}
 11209 | D:8      | Found a staircase to the Lair.
 11250 | D:8      | Reached skill level 14 in Spellcasting
 11434 | D:8      | Found a shimmering altar of Xom.
 12405 | D:9      | Found a staircase to the Orcish Mines.
 12489 | D:9      | Found a faded altar of an unknown god.
 12489 | D:9      | Found a basalt altar of Yredelemnul.
 12497 | D:9      | Found a white marble altar of Elyvilon.
 12499 | D:9      | Found an iron altar of Okawaru.
 12501 | D:9      | Found a faded altar of an unknown god.
 13386 | D:9      | Found a large runed translucent door.
 13408 | D:9      | Identified the +4 scale mail "Yrheif" {rN+ Str+4 Int+2}
 13522 | D:9      | Found a large runed translucent door.
 13819 | D:9      | Found a glowing silver altar of Zin.
 13867 | D:10     | Entered Level 10 of the Dungeon
 13880 | D:10     | Found a broken altar of Ashenzari.
 14026 | D:10     | Noticed a gargoyle
 14304 | D:10     | Reached skill level 15 in Spellcasting
 14953 | D:11     | Noticed a centaur warrior
 15167 | D:8      | Bought a long gold wand for 124 gold pieces
 15167 | D:8      | Bought a scroll labelled BAYDAT HISAU for 31 gold pieces
 15285 | Lair:1   | Entered Level 1 of the Lair of Beasts
 15288 | Lair:1   | Noticed a cane toad
 15296 | Lair:1   | Noticed a cane toad
 15306 | Lair:1   | Killed a cane toad
 15307 | Lair:1   | Reached skill level 1 in Armour
 15348 | Lair:1   | Noticed a cane toad
 15361 | Lair:1   | Killed a cane toad
 15362 | Lair:1   | Reached skill level 1 in Evocations
 15435 | Lair:1   | Noticed an elephant
 15506 | Lair:1   | Found a transporter.
 15511 | Lair:1   | Noticed an ice statue
 15511 | Lair:1   | Noticed a black mamba
 15514 | Lair:1   | Noticed Paatz's ghost (journeyman OpBe)
 15518 | Lair:1   | Noticed an eight-headed hydra
 15520 | Lair:1   | Noticed a cane toad
 15569 | Lair:1   | Reached XP level 11. HP: 25/57 MP: 3/32
 15674 | Lair:1   | Found a transporter.
 15695 | Lair:1   | Noticed an eight-headed hydra
 15749 | Lair:1   | Found a dark tunnel.
 15749 | Lair:1   | Noticed a lindwurm
 15761 | Volcano  | Entered a volcano
 16706 | Volcano  | Reached skill level 1 in Axes
 17084 | Volcano  | Noticed a hell knight
 17114 | Volcano  | Noticed a red ugly thing
 17115 | Volcano  | Noticed a sun demon
 17120 | Volcano  | Found a radiant altar of Vehumet.
 17132 | Lair:1   | HP: 2/57 [red ugly thing (9)]
 17132 | Lair:1   | Demolished by a red ugly thing

Illustrated notes

Levels and vault maps discovered:
D:1:      mushboom_english_gardens, layout_rooms,
          shapermc_ecumenical_altar_petra, st_stairs_9, minmay_cut_off
D:2:      layout_basic, uniq_sigmund
D:3:      kennysheep_six_static_rooms, layout_rooms,
          mainiacjoe_overflow_tiny_flanked, tgw_kikubaaqudgha,
          gammafunk_ghost_mausoleum
D:4:      layout_loops_ring, minmay_temple_entry_tees, grunt_ministairs_12,
          st_stairs_12, uniq_edmund
D:5:      layout_basic, fedhas_altar_fruit_tree, general_overflow_altar,
          uniq_menkaure, uniq_duvessa, uniq_grinder, uniq_eustachio
D:6:      layout_cave_pools, kennysheep_generic_room_3
D:7:      layout_loops_cross, minmay_nine_imps
D:8:      layout_loops_ring, xom_confusion_cloud, dpeg_oklobed_lair, uniq_grum
D:9:      layout_roguey, chequers_temple_overflow_minitemple, zin_statuary,
          jmf_multi_god_temple2, moated_statue
D:10:     layout_stronghold, lemuel_blue_sif_altar, nicolae_ashenzari_panopticon
D:11:     layout_rooms
Temple:   compressed_dpeg_triangle_lava_temple
Lair:1:   layout_gridlike, nzn_ghost_randoct, nicolae_volcano_entry_vermiform,
          serial_bayou_pond_d, nicolae_lair_grazing_beasts
          [nicolae_sub_lair_graze_edge, nicolae_sub_lair_graze_edge,
          nicolae_sub_lair_graze_edge, nicolae_sub_lair_graze_edge],
          grunt_megastairs_5

Skill      XL: |  1  2  3  4  5  6  7  8  9 10 11 |
---------------+----------------------------------+-----
Spellcasting   | 5 6 7 8 10 12 13 15 | 15.4
Conjurations   | 2 3 5 7 8 9 |  9.7
Fire Magic     | 1 2 3 |  3.2
Air Magic      | 1 2 3 |  3.3
Poison Magic   | 1 2 |  2.9
Dodging        | 3 4 5 6 |  6.3
Translocations | 2 |  2.9
Fighting       | 1 |  1.6
Armour         | 3 4 |  4.0
Evocations     | 1 |  1.1
Axes           | 1 |  1.1
Short Blades   | |  0.8
Stealth        | |  2.8
Summonings     | |  1.1

Action                   |  1- 3 |  4- 6 |  7- 9 | 10-12 || total
-------------------------+-------+-------+-------+-------++-------
Melee: Dagger            |    13 |       |     2 |       ||    15
       Broad axe         |       |       |       |    13 ||    13
       Punch             |       |       |       |     1 ||     1
 Cast: Magic Dart        |   119 |   137 |   359 |   346 ||   961
       Conjure Flame     |       |     5 |    28 |    28 ||    61
       Mephitic Cloud    |       |     4 |    17 |    18 ||    39
       Blink             |       |     4 |    10 |    10 ||    24
Invok: Call Merchant     |       |       |       |     1 ||     1
Evoke: Wand              |       |       |     3 |    13 ||    16
  Use: Scroll            |       |       |       |    22 ||    22
       Potion            |       |       |       |     5 ||     5
 Stab: Paralysed         |       |       |     1 |       ||     1
Armor: Robe              |     6 |     1 |     9 |    10 ||    26
       Scale mail        |       |       |       |    80 ||    80
       Skin              |       |       |       |    15 ||    15
Dodge: Dodged            |    33 |    14 |    67 |   119 ||   233
